 Dungeon Crawl Stone Soup version 0.31-a0-981-geadf994542 (webtiles) character file.

Game seed: 1547303850231208001

2664 IndexError the Thaumaturge (level 9, -6/57 HPs)
             Began as a Demonspawn Conjurer on Nov 1, 2023.
             Was a High Priest of Ignis.
             Mangled by a human
             ... wielding a +0 war axe
              (10 damage)
             ... in a bailey.
             The game lasted 00:12:00 (7667 turns).

IndexError the Thaumaturge (Demonspawn Conjurer)    Turns: 7667, Time: 00:12:00

Health: -6/57      AC:  4    Str:  7    XL:     9   Next: 36%
Magic:  13/23      EV: 32    Int: 24    God:    Ignis [*****.]
Gold:   351        SH:  0    Dex: 12    Spells: 24/28 levels left

rFire   + . .        y - +2 whip (freeze)
rCold   . . .        (no shield)
rNeg    . . .        a - +0 robe
rPois   +            (helmet restricted)
rElec   .            (no cloak)
rCorr   .            (no gloves)
SInv    .            (no boots)
Will    .....        k - amulet of the acrobat
Stlth   ++           m - ring of poison resistance {rPois, !d}
HPRegen 0.29/turn    t - +5 ring of evasion
MPRegen 0.18/turn

%: acrobat
@: acrobatic
A: antennae 1, powered by death 1, sharp scales 2
a: Renounce Religion, Fiery Armour, Foxfire Swarm, Rising Flame


You were in a bailey.
You worshipped Ignis.
Ignis was extremely pleased with you.
You visited 1 branch of the dungeon, and saw 7 of its levels.
You also visited: Bailey.

You collected 351 gold pieces.

Inventory:

Hand Weapons
 y - a +2 whip of freezing (weapon)
   (You took it off Pikel on level 6 of the Dungeon)
Missiles
 o - 11 poisoned darts
Armour
 a - a +0 robe (worn)
Jewellery
 k - an amulet of the acrobat (around neck)
   (You found it on level 2 of the Dungeon)
 m - a ring of poison resistance (left hand) {rPois, !d}
   (You found it on level 3 of the Dungeon)
 t - a +5 ring of evasion (right hand)
   (You found it on level 4 of the Dungeon)
Wands
 w - a wand of paralysis (3)
   (You found it on level 5 of the Dungeon)
Scrolls
 c - 6 scrolls of identify {unknown}
 d - a scroll of brand weapon {unknown}
 f - a scroll of blinking {unknown}
 j - 3 scrolls of teleportation {unknown}
 p - a scroll of enchant armour {unknown}
 s - 2 scrolls of amnesia {unknown}
 u - a scroll of vulnerability {unknown}
 x - a scroll of noise {unknown}
 z - a scroll of immolation {unknown}
 A - a scroll of silence {unknown}
Potions
 b - a potion of magic
 e - 2 potions of invisibility {unknown}
 g - 2 potions of mutation {unknown}
 h - a potion of degeneration {unknown}
 i - a potion of curing {unknown}
 l - a potion of lignification {unknown}
 n - a potion of might {unknown}
 q - 2 potions of heal wounds {unknown}
 r - a potion of attraction {unknown}
 v - a potion of cancellation {unknown}


   Skills:
 - Level 1.7 Dodging
 - Level 1.7 Stealth
 - Level 10.0 Spellcasting
 - Level 5.1 Conjurations
 * Level 3.6 Fire Magic
 + Level 4.6 Evocations


You had 24 spell levels left.
You knew the following spells:

 Your Spells              Type           Power      Damage    Failure   Level
a - Magic Dart            Conj           100%       1d8       1%          1
b - Searing Ray           Conj           72%        2d7       1%          2
c - Foxfire               Conj/Fire      100%       2x1d9     1%          1

Your spell library contained the following spells:

 Spells                   Type           Power      Damage    Failure   Level
 Freeze                   Ice            48%        1d6       5%          1
 Dazzling Flash           Conj/Hex       48%        N/A       5%          3
 Hailstorm                Conj/Ice       24%        3d7       5%          3
 Ensorcelled Hibernation  Hex/Ice        24%        N/A       8%          2
 Passwall                 Tmut/Erth      10%        N/A       8%          2
 Frozen Ramparts          Ice            24%        1d4       16%         3
 Swiftness                Air            12%        N/A       16%         3
 Fulminant Prism          Conj/Hex       12%        3d8       19%         4
 Iskenderun's Mystic Bla  Conj/Tloc      24%        2d7       19%         4
 Starburst                Conj/Fire      16%        6d6       78%         6
 Plasma Beam              Fire/Air       10%        2x1d21    98%         6


Dungeon Overview and Level Annotations

Branches:
Dungeon (7/15)             Bailey (1/1)
 Temple: D:4-7

Altars:
Dithmenos
Hepliaklqana
Ru
Ignis

Shops:
D:1 *   D:2 :

Annotations:
D:7 Jeremiah


Innate Abilities, Weirdness & Mutations

You have a pair of small antennae on your head.
You regenerate a little health from kills.
You are mostly covered in razor-sharp scales. (AC +2, Slay +2)


Message History

The steam dragon closely misses you.
You now have 17/23 mp.
The searing ray hits the steam dragon.
The steam dragon breathes steam at you. The ball of steam misses you.
You now have 16/23 mp.
The searing ray hits the steam dragon.
You finish channelling your searing ray.
You now have 15/23 mp.
You regained 2 hp, and now have 44/57 hp.
You hear the loud creaking of a portcullis very nearby.
You hear the loud creaking of a portcullis. 2 goblins come into view.
A goblin comes into view. It is wielding a +0 hand axe.
Found a flagged portal.
The goblin shouts! x2
A goblin comes into view. It is wielding a +0 hand axe.
You conjure some foxfire!
The goblin shouts!
You conjure some foxfire!
The portcullis has been lowered almost to the ground.
The foxfire hits the goblin!
The foxfire hits the goblin.
You now have 20/23 mp.
You conjure some foxfire!
The foxfire hits the goblin.
You hear a splash.
You now have 19/23 mp.
You conjure some foxfire!
The foxfire hits the goblin. x2
The foxfire hits the goblin!
Health restored: 57 You now have 18/23 mp.
You conjure some foxfire!
You now have 17/23 mp.
You conjure some foxfire!
You now have 16/23 mp.
You enter the shallow water.
Moving in this stuff is going to be slow.
You see here a +0 hand axe.
Items here: ))) †.
There is a flagged portal here.
The flagged portal vanishes just as you enter it!
The world spins around you as you enter the gateway.
You enter a bailey!
Found a gate leading back out of this place.
There is an empty arch of ancient stone here.
Magic restored.
You open the door.
A hobgoblin and 2 humans come into view.
The human shouts!
You hear a shout! x2
MP restored: 23 You conjure some foxfire!
The hobgoblin shouts!
The human shouts!
A human comes into view. It is wielding a +0 war axe.
You now have 22/23 mp.
You conjure some foxfire!
A human comes into view. It is wielding a +2 heavy hand axe.
You now have 21/23 mp.
You conjure some foxfire!
The foxfire hits the human but does no damage.
The foxfire hits the human. x2; The foxfire hits the human!
You now have 20/23 mp.
You conjure some foxfire!
The foxfire hits the human.
The foxfire hits the human but does no damage.
A goblin comes into view. It is wielding a +0 hand axe.
You now have 19/23 mp.
You conjure some foxfire!
The foxfire hits the human. x2
The human closely misses you.
A human comes into view. It is wielding a +1 heavy hand axe.
You now have 18/23 mp.
You conjure some foxfire!
The foxfire hits the human but does no damage.
The human closely misses you.
The human hits your foxfire with a +0 war axe!
The human hits you with a +0 war axe.
You take 1 damage, and have 56/57 hp.
Casting: Foxfire (safe; 1% risk of failure)
Confirm with . or Enter, or press ? or * to list all spells.
Aiming: Searing Ray (safe; 1% risk of failure)
Press: ? - help, Shift-Dir - straight line, f - human
Aim: a human, wielding a +0 war axe and wearing a +0 ring mail (lightly wounded, ally target, 76% to hit)
The searing ray hits the human. x2; The searing ray misses the goblin. (Press . to maintain the ray.)
The foxfire hits the human but does no damage.
The foxfire hits the human.
The human hits you with a +0 war axe! The human completely misses you.
You take 9 damage, and have 47/57 hp.
You now have 16/23 mp.
The searing ray hits the human.
The searing ray hits the human!
The searing ray hits the hobgoblin!
The human hits you with a +0 war axe! The human completely misses you.
You take 8 damage, and have 39/57 hp.
You now have 15/23 mp.
The searing ray hits the human.
The searing ray hits the human but does no damage.
The human hits you with a +0 war axe! x2
* * * LOW HITPOINT WARNING * * *
You take 24 damage, and have 15/57 hp.
MASSIVE DAMAGE!!
You now have 14/23 mp.
The searing ray misses the human.
The searing ray hits the human.
You finish channelling your searing ray.
The human hits you with a +0 war axe!
* * * LOW HITPOINT WARNING * * *
The human hits you with a +0 war axe!
You die...

#####
##...##
#.....#
#.∩.∩.#
#.....#
##@p.##
{#p#+#
,.p#
..p#
#...#
#...#
#..##
#..


You could see 4 humans.

Vanquished Creatures
  Pikel (D:6)
  A steam dragon (D:7)
  2 orc warriors
  An ice beast (D:6)
  3 sky beasts
  3 ogres
  4 centaurs
  2 lemures (D:6)
  A kobold brigand (D:6)
  4 scorpions
  A jelly (D:6)
  3 hounds
  2 orc priests
  An iguana (D:5)
  4 orc wizards
  A sleepcap (D:7)
  2 gnolls (D:1)
  15 adders
  3 shadow imps
  2 white imps
  4 ufetubi
  2 dart slugs (D:1)
  21 orcs
  3 bats
  7 endoplasms
  2 giant cockroaches
  10 goblins
  7 hobgoblins
  5 jackals
  2 quokkas
  9 ball pythons
  2 frilled lizards
  13 kobolds
  6 rats
149 creatures vanquished.

Vanquished Creatures (others)
  140 foxfires
140 creatures vanquished.

Grand Total: 289 creatures vanquished

Notes
Turn   | Place    | Note
-------+----------+-------------------------------------------
     0 | D:1      | IndexError the Demonspawn Conjurer began the quest for the
                  | Orb.
     0 | D:1      | Reached XP level 1. HP: 13/13 MP: 3/3
   185 | D:1      | Gained mutation: You have a pair of small antennae on your
                  | head. [demonic ancestry]
   185 | D:1      | Reached XP level 2. HP: 19/19 MP: 3/5
   455 | D:1      | Reached skill level 3 in Spellcasting
   491 | D:1      | Reached XP level 3. HP: 14/24 MP: 1/7
   811 | D:1      | Found Raotoucu's Assorted Antiques.
  1227 | D:1      | Found a faded altar of an unknown god.
  1320 | D:1      | Learned a level 2 spell: Searing Ray
  1533 | D:1      | Prayed at the altar of an unknown god.
  1533 | D:1      | Became a worshipper of Ignis, the Dying Flame
  1619 | D:2      | Reached skill level 4 in Spellcasting
  1743 | D:2      | Gained mutation: You are partially covered in razor-sharp
                  | scales. (AC +1, Slay +1) [demonic ancestry]
  1743 | D:2      | Reached XP level 4. HP: 30/30 MP: 7/10
  2226 | D:2      | Found Zoodwy's Book Shop.
  3168 | D:3      | Gained mutation: You are mostly covered in razor-sharp
                  | scales. (AC +2, Slay +2) [demonic ancestry]
  3168 | D:3      | Reached XP level 5. HP: 35/35 MP: 8/12
  3306 | D:3      | Reached skill level 5 in Spellcasting
  3738 | D:4      | Found a sacrificial altar of Ru.
  4503 | D:4      | Reached XP level 6. HP: 41/41 MP: 9/14
  4664 | D:5      | Entered Level 5 of the Dungeon
  4745 | D:5      | Reached skill level 6 in Spellcasting
  5020 | D:5      | Reached skill level 7 in Spellcasting
  5098 | D:5      | Reached XP level 7. HP: 46/46 MP: 10/17
  5804 | D:6      | Noticed Pikel
  5816 | D:6      | Killed Pikel
  5817 | D:6      | Reached skill level 8 in Spellcasting
  5817 | D:6      | Reached XP level 8. HP: 39/52 MP: 5/20
  5822 | D:6      | Reached skill level 9 in Spellcasting
  6195 | D:6      | Reached skill level 10 in Spellcasting
  6198 | D:6      | Reached skill level 1 in Evocations
  6239 | D:6      | Reached skill level 2 in Evocations
  6507 | D:6      | Reached skill level 5 in Conjurations
  6538 | D:6      | Reached skill level 3 in Evocations
  6593 | D:6      | Gained mutation: You regenerate a little health from kills.
                  | [demonic ancestry]
  6593 | D:6      | Reached XP level 9. HP: 57/57 MP: 16/23
  6595 | D:6      | Learned a level 1 spell: Foxfire
  6654 | D:6      | Reached skill level 1 in Fire Magic
  6878 | D:6      | Found a hazy altar of Hepliaklqana.
  6972 | D:6      | You fall into a shaft and drop 1 floor!
  7005 | D:7      | Reached skill level 2 in Fire Magic
  7005 | D:7      | Reached skill level 4 in Evocations
  7148 | D:7      | Noticed Jeremiah
  7310 | D:7      | Reached skill level 3 in Fire Magic
  7379 | D:7      | Found a shadowy altar of Dithmenos.
  7615 | D:7      | Found a flagged portal.
  7627 | Bailey   | Entered a bailey
  7667 | Bailey   | HP: 4/57 [human/+0 war axe (12)]
  7667 | Bailey   | Mangled by a human

Illustrated notes

Levels and vault maps discovered:
D:1:      shiori_arrival_oz, layout_loops_corners,
          shapermc_ecumenical_altar_flowoftime, serial_shops, shop_coins,
          chequers_serial_rivers_room_a, serial_park_tiny_2
D:2:      layout_loops_ring, serial_shops, nicolae_shop_peninsula
D:3:      layout_loops_cross, minmay_snake_closets
D:4:      layout_gridville, nicolae_ru_awakened_eye
D:5:      layout_gridville
D:6:      layout_basic, lemuel_doored_altar, hangedman_decor_riveting,
          st_stairs_11, uniq_pikel
D:7:      layout_gridville, grunt_dithmenos_smoke,
          minmay_temple_entry_statues_pillars, enter_bailey_3, uniq_jeremiah
Bailey:   bailey_axe_froggy_fort_hellmonk, bailey

Skill      XL: |  1  2  3  4  5  6  7  8  9 |
---------------+----------------------------+-----
Spellcasting   | 3 4 5 7 8 10 | 10.0
Evocations     | 3 4 |  4.6
Conjurations   | 5 |  5.1
Fire Magic     | 3 |  3.6
Dodging        | |  1.7
Stealth        | |  1.7

Action                     |  1- 3 |  4- 6 |  7- 9 || total
---------------------------+-------+-------+-------++-------
  Melee: Club              |     7 |    11 |       ||    18
         Dagger            |       |     3 |     1 ||     4
         Whip              |       |       |    15 ||    15
         Punch             |       |       |     1 ||     1
   Cast: Magic Dart        |    66 |   138 |    74 ||   278
         Searing Ray       |       |     7 |    24 ||    31
         Foxfire           |       |       |    84 ||    84
  Evoke: Wand              |       |       |     2 ||     2
   Stab: Paralysed         |       |       |     7 ||     7
 Armour: Robe              |     6 |    29 |    42 ||    77
  Dodge: Dodged            |     8 |    61 |   100 ||   169

Table legend: (Time is in decaauts)
 A = Elapsed time spent in this place.
 B = Non-inter-level travel time spent in this place.
 C = Inter-level travel time spent in this place.
 D = Time resting spent in this place.
 E = Time spent auto-exploring this place.
 F = Levels seen in this place.
 G = Mean time per level.
                   A        B        C        D        E       F      G
               +--------+--------+--------+--------+--------+-----+--------+
         Total |   7672 |   7254 |    418 |      0 |   6229 |   8 |  959.0 |
       Dungeon |   7632 |   7214 |    418 |      0 |   6200 |   7 | 1090.3 |
        Bailey |     39 |     39 |      0 |      0 |     29 |   1 |   39.0 |
               +--------+--------+--------+--------+--------+-----+--------+

Top non-repeatable levels by time:
     D:1: 1627 daAuts
     D:6: 1204 daAuts
     D:3: 1195 daAuts
     D:5: 1034 daAuts
     D:4: 1004 daAuts
     D:2: 911 daAuts
     D:7: 655 daAuts
  Bailey: 39 daAuts

Levels and vault maps discovered:
D:1:      shiori_arrival_oz, layout_loops_corners,
          shapermc_ecumenical_altar_flowoftime, serial_shops, shop_coins,
          chequers_serial_rivers_room_a, serial_park_tiny_2
D:2:      layout_loops_ring, serial_shops, nicolae_shop_peninsula
D:3:      layout_loops_cross, minmay_snake_closets
D:4:      layout_gridville, nicolae_ru_awakened_eye
D:5:      layout_gridville
D:6:      layout_basic, lemuel_doored_altar, hangedman_decor_riveting,
          st_stairs_11, uniq_pikel
D:7:      layout_gridville, grunt_dithmenos_smoke,
          minmay_temple_entry_statues_pillars, enter_bailey_3, uniq_jeremiah
Bailey:   bailey_axe_froggy_fort_hellmonk, bailey

Table legend: (Time is in decaauts)
 A = Elapsed time spent in this place.
 B = Non-inter-level travel time spent in this place.
 C = Inter-level travel time spent in this place.
 D = Time resting spent in this place.
 E = Time spent auto-exploring this place.
 F = Levels seen in this place.
 G = Mean time per level.
                   A        B        C        D        E       F      G
               +--------+--------+--------+--------+--------+-----+--------+
         Total |   7672 |   7254 |    418 |      0 |   6229 |   8 |  959.0 |
       Dungeon |   7632 |   7214 |    418 |      0 |   6200 |   7 | 1090.3 |
        Bailey |     39 |     39 |      0 |      0 |     29 |   1 |   39.0 |
               +--------+--------+--------+--------+--------+-----+--------+

Top non-repeatable levels by time:
     D:1: 1627 daAuts
     D:6: 1204 daAuts
     D:3: 1195 daAuts
     D:5: 1034 daAuts
     D:4: 1004 daAuts
     D:2: 911 daAuts
     D:7: 655 daAuts
  Bailey: 39 daAuts

Table legend:
 A = Kills in this place as a percentage of kills in the entire game.
 B = Kills by you in this place as a percentage of kills by you in the entire game.
 C = Kills by friends in this place as a percentage of kills by friends in the entire game.
 D = Other kills in this place as a percentage of other kills in the entire game.
 E = Experience gained in this place as a percentage of experience gained in the entire game.
 F = Experience gained in this place divided by the number of levels of this place that you have seen.
                   A       B       C       D       E      F
               +-------+-------+-------+-------+-------+----------------------
         Total | 100.0 | 100.0 |   N/A |   N/A | 100.0 | 475.9
       Dungeon |  99.3 |  99.3 |   N/A |   N/A |  99.9 | 543.6
        Bailey |   0.7 |   0.7 |   N/A |   N/A |   0.1 |   2.0
               +-------+-------+-------+-------+-------+----------------------
